Map: Whispers of Gold LC

Players

SKillous - Winner!

  • Race: Protoss Protoss

gobo

  • Race: Protoss Protoss

VOD

Have the link to the VOD?

Description

Time

  • Played on: Nov. 2, 2024, 11:43 a.m.
  • Length: 5:40
Show
View Real Time Build Order
Export as new Build Order

SKillous Protoss - Winner!

Build Orders:  

Get SALT Encoding   

  12  0:00  Probe  
  13  0:12  Probe  
  14  0:20  Pylon  
  14  0:24  Probe  
  15  0:34  Probe  
  15  0:39  Gateway  
  15  0:42  Probe  
  16  0:47  Assimilator  
  17  0:52  Probe  
  17  0:55  Assimilator  
  18  1:00  Probe  
  19  1:08  Gateway, Probe  
  20  1:18  Probe  
  21  1:27  Cybernetics Core  
  21  1:33  Pylon  
  21  1:35  Probe  
  22  1:47  Probe  
  24  2:02  Stalker  
  24  2:04  Robotics Facility  
  24  2:06  Warp Gate  
  26  2:09  Stalker  
  27  2:17  Pylon  
  27  2:29  Stalker  
  27  2:36  Stalker  
  28  2:41  Immortal  
  34  2:57  Pylon  
  34  3:00  Stalker  
  36  3:12  Warp Prism  
  36  3:15  Sentry  
  40  3:31  Pylon  
  40  3:47  Immortal  
  44  4:04  Stalker, Sentry  
  44  4:07  Pylon  
  48  4:18  Immortal  
  52  4:35  Shield Battery  
  52  4:43  Adept x2  
  56  4:49  Pylon  
  56  5:05  Adept x2  
  60  5:15  Adept  
  60  5:21  Adept  
Show
View Real Time Build Order
Export as new Build Order

gobo Protoss 

Build Orders:  

Get SALT Encoding   

  12  0:00  Probe  
  13  0:12  Probe  
  14  0:17  Pylon  
  14  0:24  Probe  
  15  0:32  Probe  
  15  0:37  Gateway  
  15  0:40  Probe  
  16  0:47  Assimilator  
  17  0:51  Probe  
  17  0:55  Assimilator  
  18  0:59  Probe  
  19  1:07  Probe  
  19  1:10  Gateway  
  19  1:17  Probe  
  21  1:26  Cybernetics Core  
  21  1:29  Probe  
  22  1:37  Pylon  
  22  1:41  Probe  
  23  1:55  Probe  
  23  2:00  Stalker  
  24  2:03  Sentry  
  24  2:04  Warp Gate  
  28  2:13  Probe  
  28  2:15  Pylon  
  29  2:25  Probe  
  30  2:33  Sentry  
  32  2:38  Robotics Facility  
  32  2:44  Stalker  
  34  2:53  Probe  
  35  2:59  Pylon  
  34  3:13  Gateway  
  34  3:17  Immortal  
  34  3:18  Shield Battery  
  37  3:42  Stargate  
  37  3:47  Warp Prism  
  37  3:55  Stalker, Adept  
  43  4:03  Pylon  
  43  4:14  Immortal  
  39  4:20  Pylon  
  39  4:31  Phoenix  
  45  4:44  Adept x2  
  47  5:09  Phoenix  
  51  5:27  Zealot x2  
Tags
 
Add a new tag
Caveats
  • Supply blocks, unpowered buildings, or Contaminate may cause inaccurate times.
  • Supply counts are checked every 10 seconds.